 Dungeon Crawl Stone Soup version 0.27.1-4-g1640c2035a (webtiles) character file.

Game seed: 16758890012866982414

15589 styxcanada the Unseen (level 12, -2/58 HPs)
             Began as a Spriggan Brigand on Nov 1, 2021.
             Was an Initiate of Gozag.
             Slain by a redback (12 damage)
             ... on level 3 of the Lair of Beasts on Nov 2, 2021.
             The game lasted 01:16:51 (16652 turns).

styxcanada the Unseen (Spriggan Brigand)           Turns: 16652, Time: 01:16:54

Health: -2/58      AC:  6    Str:  7    XL:     12   Next: 2%
Magic:  22/25      EV: 28    Int: 22    God:    Gozag
Gold:   2623       SH: 14    Dex: 30    Spells: 7/27 levels left

rFire    + . .     SeeInvis +   e - +6 quick blade of Tenacity {vorpal, rCorr Dex+3 SInv}
rCold    . . .     Faith    .   o - +0 buckler
rNeg     + . .     Spirit   .   l - +1 robe of Inevitability {rF+ rN+ Int+3}
rPois    .         Reflect  +   (helmet restricted)
rElec    .         Harm     .   c - +2 cloak
rCorr    +         Rampage  .   (gloves unavailable)
Will     ++...                  (boots unavailable)
Stlth    +++++++...             t - amulet of reflection
HPRegen  0.19/turn              q - +6 ring of intelligence
MPRegen  0.19/turn              E - +6 ring of dexterity

@: lethally poisoned (-2 -> -18), very quick
A: very small, no large weapons, unfitting armour, see invisible, speed 3
a: Renounce Religion, Potion Petition, Call Merchant, Bribe Branch


You were on level 3 of the Lair of Beasts.
You worshipped Gozag.
Gozag was most pleased with you.
You visited 3 branches of the dungeon, and saw 13 of its levels.
You also visited: Sewer.

You collected 4627 gold pieces.
You spent 1390 gold pieces at shops.
You paid 614 gold pieces to Gozag.

Inventory:

Hand Weapons
 e - the +6 quick blade of Tenacity (weapon) {vorpal, rCorr Dex+3 SInv}
   (You acquired it on level 4 of the Dungeon)

   It inflicts extra damage upon your enemies.
   Dex:       It affects your dexterity (+3).
   SInv:      It lets you see invisible.
   rCorr:     It protects you from acid and corrosion.
 D - a +2 mace of freezing
 M - a +0 hunting sling
Missiles
 d - 82 poisoned darts (quivered)
 f - 33 boomerangs
 v - a curare-tipped dart
 I - 79 sling bullets
Armour
 c - a +2 cloak (worn)
 l - the +1 robe of Inevitability (worn) {rF+ rN+ Int+3}
   (You bought it in a shop on level 1 of the Lair of Beasts)

   Int:       It affects your intelligence (+3).
   rF:        It protects you from fire.
   rN:        It protects you from negative energy.
 o - a +0 buckler (worn)
Jewellery
 q - a +6 ring of intelligence (left hand)
 t - an amulet of reflection (around neck)
 E - a +6 ring of dexterity (right hand)
Wands
 j - a wand of digging (11)
 y - a wand of paralysis (35)
 B - a wand of charming (18)
 C - a wand of acid (6)
 K - a wand of iceblast (7)
Scrolls
 g - a scroll of immolation
 i - a scroll of fear
 r - 2 scrolls of teleportation
 x - 4 scrolls of enchant armour
 G - 2 scrolls of magic mapping
 J - a scroll of amnesia
 L - a scroll of holy word
Potions
 a - a potion of berserk rage
 h - 3 potions of cancellation
 k - 9 potions of curing
 m - 2 potions of resistance
 n - a potion of brilliance
 p - a potion of flight
 s - 2 potions of haste
 u - 3 potions of invisibility
 w - a potion of mutation {unknown}
 z - a potion of heal wounds
 A - a potion of magic {unknown}
 F - a potion of ambrosia {unknown}
 N - a potion of attraction {unknown}
 O - 2 potions of might {unknown}
Miscellaneous
 b - a phantom mirror


   Skills:
 + Level 4.6 Fighting
 + Level 7.1 Short Blades
 + Level 4.2 Throwing
 * Level 8.6 Dodging
 * Level 15.1 Stealth
 + Level 4.8 Shields
 * Level 8.2 Spellcasting
 * Level 7.4 Hexes
 * Level 3.2 Ice Magic
 * Level 6.6 Evocations


You had 7 spell levels left.
You knew the following spells:

 Your Spells              Type           Power      Damage    Failure   Level
a - Cause Fear            Hex            20%        N/A       4%          4
b - Slow                  Hex            41%        N/A       1%          2
c - Confusing Touch       Hex            41%        N/A       1%          3
d - Metabolic Englaciati  Hex/Ice        16%        N/A       26%         5
e - Invisibility          Hex            20%        N/A       52%         6

Your spell library contained the following spells:

 Spells                   Type           Power      Damage    Failure   Level
 Inner Flame              Hex/Fire       25%        N/A       5%          3
 Passwall                 Tmut/Erth      7%         N/A       13%         2
 Static Discharge         Conj/Air       9%         N/A       13%         2
 Conjure Flame            Conj/Fire      9%         6-21      26%         3
 Ignite Poison            Fire/Tmut/Pois 9%         N/A       26%         3
 Stone Arrow              Conj/Erth      18%        3d8       26%         3
 Swiftness                Air            9%         N/A       26%         3
 Vampiric Draining        Necr           4%         2d6       26%         3
 Animate Armour           Summ/Erth      18%        N/A       65%         4
 Petrify                  Tmut/Erth      9%         N/A       65%         4
 Sticky Flame             Conj/Fire      9%         2d3       65%         4
 Lightning Bolt           Conj/Air       4%         1d16      94%         5
 Statue Form              Tmut/Erth      6%         N/A       100%        6
 Discord                  Hex            20%        N/A       100%        8
 Lehudib's Crystal Spear  Conj/Erth      4%         10d3      100%        8
 Maxwell's Capacitive Co  Air            4%         ∞         100%        8


Dungeon Overview and Level Annotations

Branches:
Dungeon (9/15)             Temple (1/1) D:5            Lair (3/6) D:9
 Shoals (0/4) Lair:2       Spider (0/4) Lair:3          Orc (0/2) D:9
  Sewer (visited)

Altars:
Cheibriados
Dithmenos
Elyvilon
Fedhas
Gozag
Hepliaklqana
Makhleb
Qazlal
Trog
Uskayaw
Wu Jian
Xom
Yredelemnul
The Shining One

Shops:
D:4 :   D:5 =   D:7 !   Lair:1 [


Innate Abilities, Weirdness & Mutations

You are very small and have problems with some larger weapons.
You are too small for most types of armour.
You have supernaturally acute eyesight. (SInv)
You cover ground extremely quickly. (Speed+++)


Message History

Throw: 83 darts (poison)
Press: ? - help, Q - select action, (/) - cycle Shift-Dir - straight line, f/p - wolf spider
Aim: a wolf spider (moderately wounded, 71% to hit)
You throw a poisoned dart. The poisoned dart hits the wolf spider.
The wolf spider is poisoned.
The wolf spider is moderately wounded.
The wolf spider misses you. You block the wolf spider's attack.
You barely miss the wolf spider.
The wolf spider is moderately wounded.
The wolf spider closely misses you. The wolf spider completely misses you.
The redback completely misses you.
Casting: Confusing Touch (safe; 1% risk of failure)
Confirm with . or Enter, or press ? or * to list all spells.
Your hands begin to glow red.
You block the wolf spider's attack. The wolf spider bites you!
You are poisoned.
The wolf spider poisons you!
You completely miss the wolf spider.
The wolf spider is heavily wounded.
You feel very sick.
You hit the wolf spider but do no damage.
The wolf spider appears confused.
The wolf spider is heavily wounded.
You feel sick.
You closely miss the redback.
You feel very sick. The redback completely misses you.
You hit the redback but do no damage.
You feel sick.
The wolf spider looks more healthy.
You hit the redback.
The redback is lightly wounded.
You feel sick. The redback bites you!
* * * LOW HITPOINT WARNING * * *
You puncture the redback!
The redback is heavily wounded.
* * * LOW HITPOINT WARNING * * *
You feel very sick. The redback bites you!
You die...
Your body crumbles into a pile of gold.

#.....###.............# #.....#
#...###.#.............# #.....#
#.P##...##.......#..#.###.....#
#.##^.>s##........###.##......#
###^^...#........P##.'##......###
#^^.^.##........................
##.^^^##.........................
#^^...#......s.s.................
#^.^###.P.##....@.>..............
^.^###.#..##..####...##.#....P#..
..##......#...# ###..###.......#
..##..........##.##P..# ......#.<
......(...(...≈....... #....#...
..#......≈.<..≈≈≈<... ........
#..#.....≈≈.≈≈≈≈≈...
#..#....≈≈≈≈≈≈≈≈≈..#
#.##....≈≈≈≈≈≈≈≈≈...


You could see a wolf spider (confused) and a redback.

Vanquished Creatures
  A hydra (Lair:1)
  A two-headed ogre (D:9)
  The ghost of Ekaitz the Firebug, a novice DsFE of Kikubaaqudgha (D:6)
  An ugly thing (D:9)
  3 black mambas
  2 cane toads (Lair:2)
  2 rime drakes (Lair:2)
  5 komodo dragons
  Grinder (Sewer)
  Prince Ribbit (D:6)
  7 blink frogs (Lair:2)
  A wraith (D:9)
  4 yaks (D:7)
  6 wyverns
  3 basilisks
  Eustachio (D:6)
  2 acid dragons
  6 water moccasins
  An ice beast (D:7)
  6 orc warriors
  A sky beast (D:8)
  4 black bears (D:9)
  A necrophage (D:6)
  2 wolves
  3 ogres
  5 centaurs
  3 phantoms
  9 bullfrogs
  2 kobold brigands
  2 scorpions (D:6)
  2 water moccasin zombies
  2 water moccasin skeletons
  A wyvern skeleton (D:7)
  5 killer bees (D:9)
  21 wights
  A howler monkey (D:6)
  3 jellies
  2 quasits (Sewer)
  2 centaur zombies
  3 orc priests
  A hound (D:7)
  A gnoll shaman (D:7)
  A centaur skeleton (D:6)
  A bullfrog skeleton (D:6)
  Jessica (D:3)
  7 orc wizards
  4 iguanas
  2 howler monkey zombies
  7 gnolls (D:7)
  3 river rats (D:5)
  4 adders
  7 shadow imps
  A white imp (D:8)
  4 ufetubi (Sewer)
  3 worms
  6 dart slugs
  28 orcs
  7 endoplasms
  4 giant cockroaches
  6 goblins
  4 hobgoblins
  11 jackals
  4 quokkas
  5 ball pythons
  9 bats
  2 goblin zombies (D:6)
  2 hobgoblin zombies (D:6)
  24 kobolds
  2 kobold zombies
  An orc skeleton (D:6)
  An orc zombie (D:6)
  5 rats
297 creatures vanquished.

Vanquished Creatures (others)
  A yak (D:7)
  A centaur (Lair:2)
  A wight (D:7)
  An endoplasm (Sewer)
  2 giant cockroaches (D:3)
  2 goblins (D:3)
  A hobgoblin (D:3)
  A frilled lizard (D:3)
  2 kobolds
  A rat (D:3)
  10 fungi
  23 plants
  4 toadstools (D:1)
50 creatures vanquished.

Grand Total: 347 creatures vanquished

Notes
Turn   | Place    | Note
-------+----------+-------------------------------------------
     0 | D:1      | styxcanada the Spriggan Brigand began the quest for the
                  | Orb.
     0 | D:1      | Reached XP level 1. HP: 10/10 MP: 2/2
    49 | D:1      | Reached skill level 6 in Stealth
   141 | D:1      | Reached XP level 2. HP: 10/14 MP: 3/3
   624 | D:1      | Reached XP level 3. HP: 18/18 MP: 4/4
   815 | D:2      | Found a shimmering altar of Xom.
   824 | D:2      | Reached skill level 7 in Stealth
  1478 | D:2      | Found a faded altar of an unknown god.
  2109 | D:3      | Noticed an ogre
  2153 | D:3      | Reached XP level 4. HP: 5/23 MP: 5/5
  2648 | D:3      | Found a shimmering altar of Xom.
  2738 | D:3      | Killed an ogre
  2739 | D:3      | Reached skill level 8 in Stealth
  2739 | D:3      | Reached skill level 1 in Spellcasting
  2739 | D:3      | Reached XP level 5. HP: 26/26 MP: 5/7
  3000 | D:3      | Noticed Jessica
  3023 | D:3      | Killed Jessica
  3879 | D:4      | Noticed a phantom
  4392 | D:4      | Found Horrosch's Book Boutique.
  4441 | D:4      | Killed a phantom
  4442 | D:4      | Reached XP level 6. HP: 30/30 MP: 9/9
  4442 | D:4      | Identified a scroll of acquirement
  4442 | D:4      | Acquired the +6 quick blade of Tenacity {vorpal, rCorr
                  | Dex+3 SInv}
  4451 | D:4      | Found an ornate altar of the Wu Jian Council.
  4519 | D:4      | Learned a level 4 spell: Cause Fear
  4551 | D:4      | Reached skill level 1 in Shields
  4658 | D:4      | Found a snail-covered altar of Cheibriados.
  5047 | D:5      | Entered Level 5 of the Dungeon
  5064 | D:5      | Found Refur's Jewellery Boutique.
  5142 | D:5      | Found a staircase to the Ecumenical Temple.
  5151 | Temple   | Entered the Ecumenical Temple
  5157 | Temple   | Became a worshipper of Gozag Ym Sagoz the Greedy
  5200 | D:5      | Reached skill level 9 in Stealth
  5200 | D:5      | Reached skill level 1 in Hexes
  5200 | D:5      | Reached XP level 7. HP: 25/35 MP: 11/11
  5606 | D:5      | Found a glowing drain.
  5620 | Sewer    | Entered a sewer
  6025 | Sewer    | Found a burning altar of Makhleb.
  6434 | Sewer    | Noticed Grinder
  6463 | Sewer    | Killed Grinder
  6464 | Sewer    | Reached skill level 10 in Stealth
  6464 | Sewer    | Reached XP level 8. HP: 16/40 MP: 12/14
  7181 | D:6      | Found a glowing golden altar of the Shining One.
  7262 | D:6      | Noticed Eustachio
  7273 | D:6      | Killed Eustachio
  7644 | D:6      | Found a runed translucent gate.
  7644 | D:6      | Found a runed translucent gate.
  7644 | D:6      | Found a runed translucent gate.
  7644 | D:6      | Noticed Ekaitz's ghost (novice DsFE)
  7646 | D:6      | Found a basalt altar of Yredelemnul.
  7659 | D:6      | Reached skill level 5 in Dodging
  7713 | D:6      | Noticed Prince Ribbit
  7717 | D:6      | Killed Prince Ribbit
  7725 | D:6      | Learned a level 2 spell: Slow
  7729 | D:6      | Learned a level 3 spell: Confusing Touch
  8048 | D:6      | Reached skill level 1 in Evocations
  8056 | D:6      | Reached XP level 9. HP: 41/44 MP: 16/16
  8092 | D:6      | Reached skill level 11 in Stealth
  8114 | D:6      | Reached skill level 5 in Short Blades
  8210 | D:6      | Identified the +1 leather armour of a bailey {+Blink rF+
                  | Str-2 Slay+5}
  9057 | D:6      | Killed Ekaitz's ghost
  9058 | D:6      | Reached skill level 5 in Spellcasting
  9241 | D:5      | Bought a +6 ring of dexterity for 702 gold pieces
  9314 | D:7      | Reached skill level 12 in Stealth
  9360 | D:7      | Found Efeani's Distillery.
  9370 | D:7      | Bought a potion of heal wounds for 70 gold pieces
  9370 | D:7      | Bought a potion of heal wounds for 70 gold pieces
 10050 | D:7      | Learned a level 5 spell: Metabolic Englaciation
 10091 | D:7      | Reached XP level 10. HP: 49/49 MP: 18/18
 10288 | D:7      | Found a blossoming altar of Fedhas.
 10898 | D:8      | Reached skill level 5 in Hexes
 11411 | D:9      | Noticed a green ugly thing
 11446 | D:9      | Killed a green ugly thing
 12095 | D:9      | Reached skill level 13 in Stealth
 12223 | D:9      | Noticed a two-headed ogre
 12224 | D:9      | Found a staircase to the Lair.
 12239 | D:9      | Reached skill level 5 in Evocations
 12307 | D:9      | Killed a two-headed ogre
 12308 | D:9      | Reached skill level 1 in Ice Magic
 12308 | D:9      | Reached XP level 11. HP: 44/54 MP: 7/22
 13071 | D:9      | Learned a level 6 spell: Invisibility
 13163 | D:7      | Bought a potion of curing for 42 gold pieces
 13163 | D:7      | Bought 2 potions of curing for 84 gold pieces
 13319 | Lair:1   | Entered Level 1 of the Lair of Beasts
 13358 | D:9      | Found a staircase to the Orcish Mines.
 13754 | Lair:1   | Noticed a six-headed hydra
 13760 | Lair:1   | Killed a six-headed hydra
 13801 | Lair:1   | Reached skill level 14 in Stealth
 13901 | Lair:1   | Bought the +1 robe of Inevitability {rF+ rN+ Int+3} for 422
                  | gold pieces
 14250 | Lair:2   | Found a staircase to the Shoals.
 15183 | Lair:2   | HP: 2/54 [rime drake/flash freeze (20)]
 15670 | Lair:2   | Reached skill level 15 in Stealth
 15785 | Lair:2   | Acquired 1128 gold pieces
 15787 | Lair:2   | Acquired 224 gold pieces
 15789 | Lair:2   | Acquired 800 gold pieces
 16052 | Lair:2   | Reached XP level 12. HP: 58/58 MP: 25/25
 16611 | Lair:3   | Found a hole to the Spider Nest.
 16652 | Lair:3   | Slain by a redback

Illustrated notes

Levels and vault maps discovered:
D:1:      ncdulo_lavacross, layout_basic, minmay_gold_behind_fungi,
          grunt_decor_mini_mirrors
D:2:      layout_basic, basic_ecumenical_altar, basic_altar
D:3:      layout_basic, xom_confusion_cloud, uniq_jessica
D:4:      layout_cave_pools, nicolae_wu_jian_wuxing_cycle,
          kennysheep_little_box, serial_shops, nicolae_shop_waterfront,
          grunt_ministairs_14, minmay_unequal
D:5:      layout_rooms, minmay_temple_entry_junction_2, serial_shops,
          nicolae_shop_stone, portal_sewer_entry_e
D:6:      minmay_chambers_of_threes, layout_basic,
          nicolae_yredelemnul_ghost_church, nicolae_tso_besieged_by_evil,
          grunt_decor_fettered, uniq_eustachio, uniq_prince_ribbit1
D:7:      layout_loops_ring, fedhas_bush_and_centaur_altar, serial_shops,
          nicolae_lakefront_shop, hangedman_abyss_or_decor_jellyfish_corner,
          st_stairs_2
D:8:      layout_rooms
D:9:      layout_roguey, minmay_lair_entry_grove, david_orc_4,
          minmay_fractal_squares_diagonal_5
Temple:   eino_narrow_crystal_temple
Lair:1:   layout_regular_city, st_stairs_11
Lair:2:   layout_regular_city, minmay_shoals_entry_centaurs
Lair:3:   layout_regular_city, spider_nest_entry_funnel_web,
          infiniplex_staircase_pool, serial_bayou_shore_b

Skill      XL: |  1  2  3  4  5  6  7  8  9 10 11 |
---------------+----------------------------------+-----
Stealth        | 6 7 8 9 10 12 13 15 | 15.1
Dodging        | 2 3 4 5 6 7 8 |  8.6
Fighting       | 2 3 4 |  4.6
Spellcasting   | 1 2 3 4 5 6 8 |  8.2
Short Blades   | 3 4 5 6 7 |  7.1
Shields        | 1 2 4 |  4.8
Throwing       | 3 4 |  4.2
Hexes          | 1 2 3 4 6 7 |  7.4
Evocations     | 1 3 5 6 |  6.6
Ice Magic      | 1 3 |  3.2

Action                   |  1- 3 |  4- 6 |  7- 9 | 10-12 || total
-------------------------+-------+-------+-------+-------++-------
Melee: Dagger            |   123 |    85 |       |       ||   208
       Quick blade       |       |    14 |   466 |   540 ||  1020
Throw: Dart              |    20 |    31 |    21 |    71 ||   143
       Boomerang         |       |    19 |       |       ||    19
 Cast: Confusing Touch   |       |       |       |    44 ||    44
       Cause Fear        |       |       |       |     2 ||     2
       Slow              |       |       |       |     1 ||     1
Invok: Call Merchant     |       |       |       |     1 ||     1
Evoke: Wand              |       |       |     4 |     3 ||     7
  Use: Scroll            |       |    14 |     5 |    10 ||    29
       Potion            |       |       |     1 |     1 ||     2
 Stab: Sleeping          |    21 |     8 |    13 |    21 ||    63
       Distracted        |       |     2 |     6 |     9 ||    17
       Confused          |       |       |       |    32 ||    32
       Fleeing           |       |       |       |     2 ||     2
       Paralysed         |       |       |       |     1 ||     1
Armor: Robe              |    15 |     7 |    23 |     9 ||    54
Dodge: Dodged            |    75 |    55 |   176 |   152 ||   458
Block: Buckler           |    13 |    13 |   124 |   169 ||   319
       Reflection        |       |       |     5 |    15 ||    20
